 Dungeon Crawl Stone Soup version 0.29.1-15-g9cfb28693d (webtiles) character file.

Game seed: 1940428604621374129

604 Gabide the Protected (level 7, -2/76 HPs)
             Began as a Gnoll Wanderer on Mar 31, 2023.
             Frozen to death by Quickbrownfox's ghost (12 damage)
             ... on level 3 of the Dungeon.
             The game lasted 00:09:29 (4529 turns).

Gabide the Protected (Gnoll Wanderer)               Turns: 4529, Time: 00:09:31

Health: -2/76      AC: 23    Str: 15 (16) XL:     7   Next: 42%
Magic:  12/12      EV:  2    Int: 10      God:
Gold:   172        SH:  0    Dex:  9 (10) Spells: 12/13 levels left

rFire   . . .      SeeInvis .     - Unarmed
rCold   . . .      Faith    .   (no shield)
rNeg    + + .      Spirit   .   (body armour currently unavailable)
rPois   +          Reflect  .   (helmet currently unavailable)
rElec   .          Harm     .   (cloak currently unavailable)
rCorr   .          Rampage  .   (gloves currently unavailable)
Will    .....      NoTele   +   (boots currently unavailable)
Stlth   ++........              i - amulet of regeneration
HPRegen 1.02/turn               g - ring of positive energy
MPRegen 0.13/turn               r - ring of positive energy

@: tree-form
A: stationary, stasis, torment immunity, boosted hp, (fangs 1), strong nose,
distributed training
a: no special abilities


You were on level 3 of the Dungeon.
You were a tree.
You visited 1 branch of the dungeon, and saw 4 of its levels.

You collected 172 gold pieces.

Inventory:

Hand Weapons
 a - a +1 spear of draining
Missiles
 b - 9 boomerangs (quivered)
 f - 19 stones
Armour
 c - a +2 scale mail (melded)
 m - a +0 pair of boots (melded)
Jewellery
 g - a ring of positive energy (left branch)
 i - an amulet of regeneration (around neck)
 r - a ring of positive energy (right branch)
Wands
 t - a wand of flame (3)
 w - a wand of polymorph (8)
Scrolls
 d - 2 scrolls of fear
 k - 2 scrolls of immolation
 o - a scroll of teleportation
 p - 2 scrolls of magic mapping
 s - a scroll of brand weapon
Potions
 e - 2 potions of brilliance {unknown}
 v - 2 potions of might {unknown}


   Skills:
 + Level 2.6 Fighting
 + Level 2.6 Short Blades
 + Level 2.6 Long Blades
 + Level 2.6 Axes
 + Level 2.6 Maces & Flails
 + Level 2.6 Polearms
 + Level 2.6 Staves
 + Level 2.6 Ranged Weapons
 + Level 5.3 Throwing
 + Level 10.7 Armour
 + Level 2.6 Dodging
 + Level 2.6 Stealth
 + Level 2.6 Shields
 + Level 2.6 Unarmed Combat
 + Level 3.9 Spellcasting
 + Level 2.1 Conjurations
 + Level 2.1 Hexes
 + Level 2.1 Summonings
 + Level 2.1 Necromancy
 + Level 2.1 Translocations
 + Level 2.1 Transmutations
 + Level 2.1 Fire Magic
 + Level 2.1 Ice Magic
 + Level 4.3 Air Magic
 + Level 2.1 Earth Magic
 + Level 2.1 Poison Magic
 + Level 2.9 Invocations
 + Level 2.6 Evocations


You had 12 spell levels left.
You knew the following spells:

 Your Spells              Type           Power      Damage    Failure   Level
a - Shock                 Conj/Air       32%        1d5       7%          1

Your spell library contained the following spells:

 Spells                   Type           Power      Damage    Failure   Level
 Blink                    Tloc           12%        N/A       16%         2
 Mephitic Cloud           Conj/Pois/Air  7%         N/A       24%         3
 Lesser Beckoning         Tloc           6%         N/A       32%         3
 Manifold Assault         Tloc           6%         N/A       96%         5


Dungeon Overview and Level Annotations

Branches:
Dungeon (4/15)
 Temple: D:4-7

Altars:
Gozag

Annotations:
D:3 Quickbrownfox's ghost, amateur OpIE


Innate Abilities, Weirdness & Mutations

You are a tree.
Your roots penetrate the ground, keeping you stationary.
You cannot be teleported.
You are immune to unholy pain and torment.
Your maximum health is greatly increased.
Your equipment is partially melded.
((You have very sharp teeth.))
Your uncanny sense of smell can sniff out nearby items.
Your experience applies equally to all skills.


Message History

You feel very sick. Quickbrownfox's ghost freezes you.
You are frozen.
You are now empty-handed.
You feel sick.
You barely miss Quickbrownfox's ghost.
Quickbrownfox's ghost is lightly damaged.
You feel sick.
Quickbrownfox's ghost hits you but does no damage.
You hit Quickbrownfox's ghost.
Quickbrownfox's ghost is moderately damaged.
You feel sick.
Quickbrownfox's ghost hits you but does no damage.
You smack Quickbrownfox's ghost!
Quickbrownfox's ghost is severely damaged.
You feel sick.
Quickbrownfox's ghost hits you but does no damage.
You barely miss Quickbrownfox's ghost.
Quickbrownfox's ghost is severely damaged.
You feel sick.
You barely miss Quickbrownfox's ghost.
Quickbrownfox's ghost is severely damaged.
You feel sick.
Quickbrownfox's ghost hits you but does no damage.
You closely miss Quickbrownfox's ghost.
Quickbrownfox's ghost is severely damaged.
You feel sick. Quickbrownfox's ghost freezes you.
You are frozen!
* * * LOW HITPOINT WARNING * * *
You miss Quickbrownfox's ghost.
Quickbrownfox's ghost is severely damaged.
You feel sick.
Quickbrownfox's ghost barely misses you.
You barely miss Quickbrownfox's ghost.
Quickbrownfox's ghost is severely damaged.
You feel sick.
You are no longer poisoned.
Quickbrownfox's ghost freezes you.
You are frozen!
You die...

###.#### #......W.#....#........#
.......# ###....#.#....#...#.##.#
.......# #.#..#oo##..###.#.##.#
.......# #.#..#.o#8..* #.#.##.#
.......# ###.#o.#.o##..###.#.##.#
.......# #......#.....8#.#.#.##.#
.......# #.....8########.#......#
#......###....o##.##.###.#.#.####
.............ooW♣............####
.......###....o##.###............
.......# #.....##.# #.#......####
.......# ########.# #.#..#.#.#
.......# #.###.#.>....# .......#
#.##.......#.#### ......>#
#.##..#..###†.... #......#
#.##..#)......... #......#
#.##..#......####


You could see Quickbrownfox's ghost and 4 orcs.

Vanquished Creatures
  2 scorpions (D:4)
  3 orc priests (D:4)
  A hound (D:4)
  Jessica (D:2)
  Ijyb (D:3)
  2 orc wizards (D:4)
  Natasha (thrice) (D:2)
  9 adders
  A worm (D:2)
  2 dart slugs (D:1)
  9 orcs
  6 endoplasms
  7 giant cockroaches
  4 goblins
  4 hobgoblins
  4 jackals
  7 kobolds
  A quokka (D:1)
  19 ball pythons
  10 bats
  7 frilled lizards
  6 rats
109 creatures vanquished.

Vanquished Creatures (others)
  8 plants
8 creatures vanquished.

Grand Total: 117 creatures vanquished

Notes
Turn   | Place    | Note
-------+----------+-------------------------------------------
     0 | D:1      | Reached skill level 10 in Armour
     0 | D:1      | Gabide the Gnoll Wanderer began the quest for the Orb.
     0 | D:1      | Gabide set off with the following items: a +0 dagger, 10
                  | boomerangs, a +2 scale mail, a scroll of fear; and the
                  | following spell memorised: Shock; and the following spells
                  | available to memorise: Mephitic Cloud.
     0 | D:1      | Reached XP level 1. HP: 13/13 MP: 4/4
   126 | D:1      | Reached XP level 2. HP: 19/19 MP: 5/5
   144 | D:1      | Found a faded altar of an unknown god.
   421 | D:1      | Reached XP level 3. HP: 25/25 MP: 7/7
   618 | D:1      | Reached skill level 1 in Invocations
   992 | D:2      | Reached skill level 1 in Fighting
   992 | D:2      | Reached skill level 1 in Short Blades
   992 | D:2      | Reached skill level 1 in Long Blades
   992 | D:2      | Reached skill level 1 in Axes
   992 | D:2      | Reached skill level 1 in Maces & Flails
   992 | D:2      | Reached skill level 1 in Polearms
   992 | D:2      | Reached skill level 1 in Staves
   992 | D:2      | Reached skill level 1 in Ranged Weapons
   992 | D:2      | Reached skill level 1 in Dodging
   992 | D:2      | Reached skill level 1 in Stealth
   992 | D:2      | Reached skill level 1 in Shields
   992 | D:2      | Reached skill level 1 in Unarmed Combat
   992 | D:2      | Reached skill level 1 in Evocations
  1066 | D:2      | Noticed Jessica
  1071 | D:2      | Killed Jessica
  1072 | D:2      | Reached XP level 4. HP: 32/32 MP: 8/8
  1160 | D:2      | Reached skill level 1 in Conjurations
  1160 | D:2      | Reached skill level 1 in Hexes
  1160 | D:2      | Reached skill level 1 in Summonings
  1160 | D:2      | Reached skill level 1 in Necromancy
  1160 | D:2      | Reached skill level 1 in Translocations
  1160 | D:2      | Reached skill level 1 in Transmutations
  1160 | D:2      | Reached skill level 1 in Fire Magic
  1160 | D:2      | Reached skill level 1 in Ice Magic
  1160 | D:2      | Reached skill level 1 in Earth Magic
  1160 | D:2      | Reached skill level 1 in Poison Magic
  1440 | D:2      | Noticed Natasha
  1451 | D:2      | Killed Natasha
  1452 | D:2      | Reached XP level 5. HP: 29/37 MP: 9/9
  1722 | D:2      | Noticed Natasha
  1731 | D:2      | Killed Natasha
  2314 | D:2      | Noticed Natasha
  2320 | D:2      | Killed Natasha
  2670 | D:3      | Noticed Ijyb
  2704 | D:3      | Killed Ijyb
  2705 | D:3      | Reached XP level 6. HP: 13/44 MP: 11/11
  2831 | D:3      | Found a runed translucent gate.
  2831 | D:3      | Noticed Quickbrownfox's ghost (amateur OpIE)
  2832 | D:3      | Found a runed translucent gate.
  2833 | D:3      | Found a runed translucent gate.
  3031 | D:3      | Reached skill level 5 in Throwing
  3702 | D:4      | Reached XP level 7. HP: 51/51 MP: 12/12
  3989 | D:4      | Found an opulent altar of Gozag.
  4529 | D:3      | Frozen to death by Quickbrownfox's ghost

Illustrated notes

Levels and vault maps discovered:
D:1:      giann_forest_graveyard, layout_basic,
          nicolae_ecumenical_snake_handling
D:2:      layout_basic, serial_forest, infiniplex_forest_end_1,
          infiniplex_forest_lined_ring, infiniplex_forest_clump_double,
          infiniplex_forest_lined_3_way, infiniplex_forest_lined_ring,
          chequers_serial_rivers_large_a, serial_bayou_pond_e,
          minmay_misc_feat_cross, minmay_hedge_maze, eino_tiny_chamber,
          uniq_jessica, uniq_natasha
D:3:      layout_basic, biasface_ghost_orc_armoury, minivault_14,
          minmay_shallow_snake_nest, uniq_ijyb
D:4:      minmay_inner_zag, layout_cave_pods,
          mainiacjoe_overflow_surrounded_room

Skill      XL: |  1  2  3  4  5  6  7 |
---------------+----------------------+-----
Armour         | | 10.7
Invocations    | 1 2 |  2.9
Fighting       | 1 2 |  2.6
Short Blades   | 1 2 |  2.6
Long Blades    | 1 2 |  2.6
Axes           | 1 2 |  2.6
Maces & Flails | 1 2 |  2.6
Polearms       | 1 2 |  2.6
Staves         | 1 2 |  2.6
Ranged Weapons | 1 2 |  2.6
Dodging        | 1 2 |  2.6
Stealth        | 1 2 |  2.6
Shields        | 1 2 |  2.6
Unarmed Combat | 1 2 |  2.6
Evocations     | 1 2 |  2.6
Spellcasting   | 3 |  3.9
Conjurations   | 1 2 |  2.1
Hexes          | 1 2 |  2.1
Summonings     | 1 2 |  2.1
Necromancy     | 1 2 |  2.1
Translocations | 1 2 |  2.1
Transmutations | 1 2 |  2.1
Fire Magic     | 1 2 |  2.1
Ice Magic      | 1 2 |  2.1
Earth Magic    | 1 2 |  2.1
Poison Magic   | 1 2 |  2.1
Air Magic      | 4 |  4.3
Throwing       | 5 |  5.3

Action                   |  1- 3 |  4- 6 |  7- 9 || total
-------------------------+-------+-------+-------++-------
Melee: Spear             |   133 |   217 |    74 ||   424
       Bite              |    15 |    12 |     2 ||    29
       Punch             |     2 |     3 |       ||     5
       Unarmed           |       |       |     8 ||     8
Throw: Stone             |     1 |     3 |       ||     4
       Boomerang         |     9 |    49 |    12 ||    70
  Use: Scroll            |       |     6 |     3 ||     9
       Potion            |       |     6 |     1 ||     7
Armor: Scale mail        |    64 |    91 |    50 ||   205
       Skin              |       |    32 |     4 ||    36
Dodge: Dodged            |    57 |   107 |    30 ||   194
